TOP OF THE 1ST |
Erie Jaxx batting - Pitching for Manhatten Meatheads : RHP Steve Sousa
|
Pitching: RHP Steve Sousa
|
|
Batting: RHB José Hernández
|
0-0: Ball 1-0: Called Strike 1-1: Swinging Strike 1-2: Strikes out swinging
|
Batting: SHB José Durango
|
0-0: Ball 1-0: Ball 2-0: Ball 3-0: Called Strike 3-1: Base on Balls
|
Batting: SHB Michael Field
|
0-0: Called Strike 0-1: Foul Ball, location: 2F 0-2: Ball 1-2: Strikes out looking
|
Batting: RHB William Wilson
|
0-0: Foul Ball, location: 2F 0-1: Called Strike 0-2: Strikes out looking
|
Top of the 1st over - 0 run(s), 0 hit(s), 0 error(s), 1 left on base; Erie 0 - Manhatten 0 |
BOTTOM OF THE 1ST |
Manhatten Meatheads batting - Pitching for Erie Jaxx : LHP Francisco Rodríguez
|
Pitching: LHP Francisco Rodríguez
|
|
Batting: LHB Eric Dillard
|
0-0: Called Strike 0-1: Ball 1-1: Ball 2-1: Foul Ball, location: 2F 2-2: Foul Ball, location: 2F 2-2: Ball 3-2: Foul Ball, location: 2F 3-2: Strikes out looking
|
Batting: RHB Ismael Hidalgo
|
0-0: Foul Ball, location: 2F 0-1: Foul Ball, location: 2F 0-2: Strikes out looking
|
Batting: SHB José Sousa
|
0-0: Foul Ball, location: 2F 0-1: Ball 1-1: Called Strike 1-2: Ball 2-2: Fly out, F8 (Flyball, 89S)
|
Bottom of the 1st over - 0 run(s), 0 hit(s), 0 error(s), 0 left on base; Erie 0 - Manhatten 0 |
TOP OF THE 2ND |
Erie Jaxx batting - Pitching for Manhatten Meatheads : RHP Steve Sousa
|
Batting: RHB Ángel Serrano
|
0-0: Ball 1-0: Foul Ball, location: 2F 1-1: Ball 2-1: Ball 3-1: Base on Balls
|
Batting: RHB Andrés Silva
|
0-0: Ball 1-0: SINGLE (Groundball, 34D) Ángel Serrano to second
|
Batting: RHB Ed Keesee
|
0-0: Ball 1-0: Called Strike 1-1: Foul Ball, location: 2F 1-2: Ball 2-2: Strikes out swinging
|
Batting: RHB Alfredo Ramírez
|
0-0: Foul Ball, location: 2F 0-1: Ball 1-1: Ball 2-1: Ball 3-1: SINGLE (Line Drive, 78M) Ángel Serrano to third Andrés Silva to second
|
Batting: RHB Júlio Hernández
|
0-0: Fly out, F5 (Popup, 56)
|
Batting: RHB José Hernández
|
0-0: Called Strike 0-1: Called Strike 0-2: Ball 1-2: Fielders Choice at 2nd, 6-4 (Groundball, 56)
|
Top of the 2nd over - 0 run(s), 2 hit(s), 0 error(s), 2 left on base; Erie 0 - Manhatten 0 |
BOTTOM OF THE 2ND |
Manhatten Meatheads batting - Pitching for Erie Jaxx : LHP Francisco Rodríguez
|
Batting: RHB George Green
|
0-0: Called Strike 0-1: Called Strike 0-2: Strikes out looking
|
Batting: RHB Ramiro Santana
|
0-0: Foul Ball, location: 2F 0-1: SINGLE (Groundball, 4MD)
|
Batting: SHB António Ramírez
|
0-0: Called Strike 0-1: Ball Ramiro Santana steals 2nd base 1-1: Swinging Strike 1-2: Ball 2-2: Ball 3-2: Foul Ball, location: 2F 3-2: Strikes out looking
|
Batting: RHB Tim Bonner
|
0-0: Called Strike 0-1: Ball 1-1: Swinging Strike 1-2: Foul Ball, location: 2F 1-2: Strikes out swinging, 2-3 out at first.
|
Bottom of the 2nd over - 0 run(s), 1 hit(s), 0 error(s), 1 left on base; Erie 0 - Manhatten 0 |
TOP OF THE 3RD |
Erie Jaxx batting - Pitching for Manhatten Meatheads : RHP Steve Sousa
|
Batting: SHB José Durango
|
0-0: Ground out 6-3 (Groundball, 6)
|
Batting: SHB Michael Field
|
0-0: Fly out, F9 (Flyball, 9LS)
|
Batting: RHB William Wilson
|
0-0: Called Strike 0-1: Swinging Strike 0-2: Ball 1-2: Strikes out swinging
|
Top of the 3rd over - 0 run(s), 0 hit(s), 0 error(s), 0 left on base; Erie 0 - Manhatten 0 |
BOTTOM OF THE 3RD |
Manhatten Meatheads batting - Pitching for Erie Jaxx : LHP Francisco Rodríguez
|
Batting: LHB Brent Haynes
|
0-0: Fly out, F7 (Flyball, 78XD)
|
Batting: RHB José Esparza
|
0-0: Ball 1-0: Foul Ball, location: 2F 1-1: Bunt missed! 1-2: Ball 2-2: Foul Ball, location: 2F 2-2: Foul Ball, location: 2F 2-2: Foul Ball, location: 2F 2-2: Fly out, F9 (Flyball, 9LS)
|
Batting: LHB Eric Dillard
|
0-0: Ball 1-0: Swinging Strike 1-1: Ball 2-1: Foul Ball, location: 2F 2-2: Fly out, F7 (Line Drive, 7)
|
Bottom of the 3rd over - 0 run(s), 0 hit(s), 0 error(s), 0 left on base; Erie 0 - Manhatten 0 |
TOP OF THE 4TH |
Erie Jaxx batting - Pitching for Manhatten Meatheads : RHP Steve Sousa
|
Batting: RHB Ángel Serrano
|
0-0: Called Strike 0-1: Ball 1-1: Ball 2-1: Foul Ball, location: 2F 2-2: Ball 3-2: SINGLE (Flyball, 89S)
|
Batting: RHB Andrés Silva
|
0-0: Called Strike 0-1: Ball 1-1: Foul Ball, location: 2F 1-2: Strikes out swinging
|
Batting: RHB Ed Keesee
|
0-0: Ball 1-0: Called Strike 1-1: Reached via error on a dropped throw, E3 Ángel Serrano to second
|
Batting: RHB Alfredo Ramírez
|
0-0: Called Strike 0-1: Ball 1-1: Foul Ball, location: 2F 1-2: Strikes out swinging
|
Batting: RHB Júlio Hernández
|
0-0: Called Strike 0-1: Ball 1-1: Swinging Strike 1-2: Strikes out swinging
|
Top of the 4th over - 0 run(s), 1 hit(s), 1 error(s), 2 left on base; Erie 0 - Manhatten 0 |
BOTTOM OF THE 4TH |
Manhatten Meatheads batting - Pitching for Erie Jaxx : LHP Francisco Rodríguez
|
Batting: RHB Ismael Hidalgo
|
0-0: Ball 1-0: Ball 2-0: Foul Ball, location: 2F 2-1: Called Strike 2-2: Strikes out swinging
|
Batting: SHB José Sousa
|
0-0: Called Strike 0-1: Ball 1-1: Foul Ball, location: 2F 1-2: Strikes out swinging
|
Batting: RHB George Green
|
0-0: Called Strike 0-1: Foul Ball, location: 2F 0-2: Ball 1-2: Ball 2-2: Fly out, F9 (Flyball, 89M)
|
Bottom of the 4th over - 0 run(s), 0 hit(s), 0 error(s), 0 left on base; Erie 0 - Manhatten 0 |
TOP OF THE 5TH |
Erie Jaxx batting - Pitching for Manhatten Meatheads : RHP Steve Sousa
|
Batting: RHB José Hernández
|
0-0: Called Strike 0-1: Ball 1-1: Foul Ball, location: 2F 1-2: Foul Ball, location: 2F 1-2: Ball 2-2: Ball 3-2: Ground out 4-3 (Groundball, 4)
|
Batting: SHB José Durango
|
0-0: Called Strike 0-1: Ball 1-1: Called Strike 1-2: Ball 2-2: Ball 3-2: Foul Ball, location: 2F 3-2: Base on Balls
|
Batting: SHB Michael Field
|
0-0: Foul Ball, location: 2F 0-1: Called Strike 0-2: Ball 1-2: Strikes out looking
|
Batting: RHB William Wilson
|
0-0: Ball 1-0: Called Strike 1-1: Swinging Strike 1-2: Ball 2-2: Foul Ball, location: 2F 2-2: Strikes out looking
|
Top of the 5th over - 0 run(s), 0 hit(s), 0 error(s), 1 left on base; Erie 0 - Manhatten 0 |
BOTTOM OF THE 5TH |
Manhatten Meatheads batting - Pitching for Erie Jaxx : LHP Francisco Rodríguez
|
Batting: RHB Ramiro Santana
|
0-0: Foul Ball, location: 2F 0-1: Called Strike 0-2: Ground out 4-3 (Groundball, 4)
|
Batting: SHB António Ramírez
|
0-0: Ball 1-0: Ball 2-0: DOUBLE (Line Drive, 7LM)
|
Batting: RHB Tim Bonner
|
0-0: Called Strike 0-1: Swinging Strike 0-2: Ball 1-2: Strikes out looking
|
Batting: LHB Brent Haynes
|
0-0: Swinging Strike 0-1: SINGLE (Groundball, 34) (infield hit) António Ramírez to third
|
Batting: RHB José Esparza
|
0-0: Called Strike 0-1: Swinging Strike 0-2: Ball 1-2: Fly out, F9 (Flyball, 9LMF)
|
Bottom of the 5th over - 0 run(s), 2 hit(s), 0 error(s), 2 left on base; Erie 0 - Manhatten 0 |
TOP OF THE 6TH |
Erie Jaxx batting - Pitching for Manhatten Meatheads : RHP Steve Sousa
|
Pitching: RHP Juan De Jesús
|
|
Batting: RHB Ángel Serrano
|
0-0: Ball 1-0: Fly out, F8 (Flyball, 8RM)
|
Batting: RHB Andrés Silva
|
0-0: Ball 1-0: Ball 2-0: Ball 3-0: Base on Balls
|
Batting: RHB Ed Keesee
|
0-0: Ball 1-0: Swinging Strike 1-1: Called Strike 1-2: Ball Wild Pitch! Andrés Silva to second 2-2: Strikes out swinging
|
Batting: RHB Alfredo Ramírez
|
0-0: Called Strike 0-1: Fly out, F5 (Popup, 5S)
|
Top of the 6th over - 0 run(s), 0 hit(s), 0 error(s), 1 left on base; Erie 0 - Manhatten 0 |
BOTTOM OF THE 6TH |
Manhatten Meatheads batting - Pitching for Erie Jaxx : LHP Francisco Rodríguez
|
Batting: LHB Eric Dillard
|
0-0: Foul Ball, location: 2F 0-1: Ground out 6-3 (Groundball, 6)
|
Batting: RHB Ismael Hidalgo
|
0-0: SOLO HOME RUN (Flyball, 8LXD), Distance : 438 ft
|
Batting: SHB José Sousa
|
0-0: Ball 1-0: Ground out 6-3 (Groundball, 56)
|
Batting: RHB George Green
|
0-0: Called Strike 0-1: Called Strike 0-2: Foul Ball, location: 2F 0-2: Ball 1-2: Strikes out looking
|
Bottom of the 6th over - 1 run(s), 1 hit(s), 0 error(s), 0 left on base; Erie 0 - Manhatten 1 |
TOP OF THE 7TH |
Erie Jaxx batting - Pitching for Manhatten Meatheads : RHP Juan De Jesús
|
Batting: RHB Júlio Hernández
|
0-0: Ground out 5-3 (Groundball, 5)
|
Batting: RHB José Hernández
|
0-0: Ball 1-0: Fly out, F9 (Flyball, 9LS)
|
Batting: SHB José Durango
|
0-0: Ball 1-0: Ball 2-0: Ball 3-0: Called Strike 3-1: Base on Balls
|
Batting: SHB Michael Field
|
0-0: Foul Ball, location: 2F 0-1: Foul Ball, location: 2F 0-2: Strikes out swinging
|
Top of the 7th over - 0 run(s), 0 hit(s), 0 error(s), 1 left on base; Erie 0 - Manhatten 1 |
BOTTOM OF THE 7TH |
Manhatten Meatheads batting - Pitching for Erie Jaxx : LHP Francisco Rodríguez
|
Pitching: RHP Carlos Olmedo
|
|
Batting: RHB Ramiro Santana
|
0-0: Foul Ball, location: 2F 0-1: Ball 1-1: Ground out 6-3 (Groundball, 6M)
|
Batting: SHB António Ramírez
|
0-0: Swinging Strike 0-1: Swinging Strike 0-2: Ball 1-2: SINGLE (Groundball, 56D)
|
Pinch Hitting: LHB Miguel Pérez
|
0-0: Ball 1-0: Ball 2-0: Swinging Strike 2-1: Swinging Strike 2-2: Foul Ball, location: 2F 2-2: Strikes out swinging
|
Pitching: LHP Jesús Acosta
|
|
Batting: LHB Brent Haynes
|
0-0: Called Strike 0-1: Foul Ball, location: 2F 0-2: Strikes out swinging
|
Bottom of the 7th over - 0 run(s), 1 hit(s), 0 error(s), 1 left on base; Erie 0 - Manhatten 1 |
TOP OF THE 8TH |
Erie Jaxx batting - Pitching for Manhatten Meatheads : RHP Juan De Jesús
|
Pitching: RHP Nathan Davis
|
|
Now at C: Hidalgo García
|
|
Now at 1B: Miguel Pérez
|
|
Batting: RHB William Wilson
|
0-0: Ball 1-0: Called Strike 1-1: Ball 2-1: Ball 3-1: Foul Ball, location: 2F 3-2: Foul Ball, location: 2F 3-2: Foul Ball, location: 2F 3-2: Base on Balls
|
Batting: RHB Ángel Serrano
|
0-0: Ball 1-0: Foul Ball, location: 2F 1-1: Foul Ball, location: 2F 1-2: Ball 2-2: DOUBLE (Groundball, 5L) William Wilson to third
|
Batting: RHB Andrés Silva
|
0-0: Swinging Strike 0-1: SINGLE (Groundball, 4M) William Wilson scores Ángel Serrano to third
|
Batting: RHB Ed Keesee
|
0-0: Called Strike 0-1: Ball 1-1: Ground out 4-3 (Groundball, 4) Andrés Silva to second
|
Batting: RHB Alfredo Ramírez
|
0-0: Intentional Walk
|
Batting: RHB Júlio Hernández
|
0-0: Ball 1-0: Called Strike 1-1: Ball 2-1: Called Strike 2-2: Ball 3-2: Base on Balls Ángel Serrano scores Andrés Silva to third Alfredo Ramírez to second
|
Batting: RHB José Hernández
|
0-0: Ball 1-0: Swinging Strike 1-1: Ball 2-1: Swinging Strike 2-2: Strikes out swinging
|
Batting: SHB José Durango
|
0-0: Foul Ball, location: 2F 0-1: Ball 1-1: Called Strike 1-2: SINGLE (Groundball, 6MD) Andrés Silva scores Alfredo Ramírez to third Júlio Hernández to second Runner from 3rd tries for Home, SAFE, no throw
|
Pitching: RHP Larry Bischoff
|
|
Batting: SHB Michael Field
|
0-0: Called Strike 0-1: Ball 1-1: Ball 2-1: Swinging Strike 2-2: Foul Ball, location: 2F 2-2: SINGLE (Flyball, 9S) Júlio Hernández to third José Durango to second Runner from 3rd tries for Home, throw and OUT!
|
Top of the 8th over - 4 run(s), 4 hit(s), 0 error(s), 2 left on base; Erie 4 - Manhatten 1 |
BOTTOM OF THE 8TH |
Manhatten Meatheads batting - Pitching for Erie Jaxx : LHP Jesús Acosta
|
Batting: RHB José Esparza
|
0-0: Called Strike 0-1: Fly out, F3 (Line Drive, 34)
|
Pitching: RHP Scott King
|
|
Batting: LHB Eric Dillard
|
0-0: Ground out 5-3 (Groundball, 25)
|
Batting: RHB Ismael Hidalgo
|
0-0: Ball 1-0: Foul Ball, location: 2F 1-1: Ground out 1-3 (Groundball, 13S)
|
Bottom of the 8th over - 0 run(s), 0 hit(s), 0 error(s), 0 left on base; Erie 4 - Manhatten 1 |
TOP OF THE 9TH |
Erie Jaxx batting - Pitching for Manhatten Meatheads : RHP Larry Bischoff
|
Batting: RHB William Wilson
|
0-0: Ball 1-0: Foul Ball, location: 2F 1-1: Ball 2-1: Foul Ball, location: 2F 2-2: Strikes out swinging
|
Batting: RHB Ángel Serrano
|
0-0: Called Strike 0-1: Called Strike 0-2: Foul Ball, location: 2F 0-2: Strikes out swinging
|
Batting: RHB Andrés Silva
|
0-0: Ball 1-0: Fly out, F8 (Line Drive, 8RM)
|
Top of the 9th over - 0 run(s), 0 hit(s), 0 error(s), 0 left on base; Erie 4 - Manhatten 1 |
BOTTOM OF THE 9TH |
Manhatten Meatheads batting - Pitching for Erie Jaxx : RHP Scott King
|
Pitching: LHP Todd Anderson
|
|
Batting: SHB José Sousa
|
0-0: Ball 1-0: Called Strike 1-1: Ball 2-1: Foul Ball, location: 2F 2-2: Foul Ball, location: 2F 2-2: Ball 3-2: Fly out, F8 (Flyball, 8LS)
|
Batting: RHB George Green
|
0-0: Called Strike 0-1: Fly out, F9 (Flyball, 89D)
|
Batting: RHB Ramiro Santana
|
0-0: Ball 1-0: Ball 2-0: Called Strike 2-1: Ground out 5-3 (Groundball, 56S)
|
Bottom of the 9th over - 0 run(s), 0 hit(s), 0 error(s), 0 left on base; Erie 4 - Manhatten 1 |
|